 Dungeon Crawl Stone Soup version 0.30.1-4-g462c640d31 (webtiles) character file.

Game seed: 397090921742458599

8 growler the Trooper (level 2, 8/23 HPs)
             Began as a Demonspawn Gladiator on Aug 19, 2023.
             Quit the game on level 1 of the Dungeon.
             The game lasted 00:00:20 (58 turns).

growler the Trooper (Demonspawn Gladiator)            Turns: 58, Time: 00:00:21

Health: 8/23       AC:  4    Str: 14    XL:     2   Next: 0%
Magic:  2/2        EV: 12    Int:  9    God:
Gold:   0          SH:  0    Dex: 14    Spells: 1/1 levels left

rFire   . . .        a - +0 war axe
rCold   . . .        (no shield)
rNeg    . . .        b - +0 leather armour
rPois   .            c - +0 helmet
rElec   .            (no cloak)
rCorr   .            (no gloves)
SInv    .            (no boots)
Will    .....        (no amulet)
Stlth   +            (no ring)
HPRegen 0.23/turn    (no ring)
MPRegen 0.08/turn

%: no passive effects
@: no status effects
A: foul stench 1
a: no special abilities


You were on level 1 of the Dungeon.
You visited 1 branch of the dungeon, and saw 1 of its levels.

Inventory:

Hand Weapons
 a - a +0 war axe (weapon)
Missiles
 d - 3 throwing nets (quivered)
 e - a javelin
Armour
 b - a +0 leather armour (worn)
 c - a +0 helmet (worn)
Scrolls
 f - a scroll of summoning {unknown}


   Skills:
 + Level 2.7 Fighting
 - Level 2.6 Axes
 - Level 1.7 Throwing
 - Level 2.6 Dodging


You had one spell level left.
You didn't know any spells.
Your spell library was empty.

Dungeon Overview and Level Annotations

Branches:
Dungeon (1/15)

Altars:


Innate Abilities, Weirdness & Mutations

You may rarely emit foul miasma when damaged in melee.


Message History

You miss the jackal.
The jackal is almost dead.
The jackal bites you but does no damage.
The jackal bites you.
You hit the jackal but do no damage.
The jackal is severely wounded.
The jackal barely misses you. The jackal closely misses you.
You slash the jackal!
You kill the jackal!
The ball python bites you but does no damage.
The ball python barely misses you.
You barely miss the ball python. The ball python closely misses you.
The ball python misses you.
You slash the ball python!
You kill the ball python!
You barely miss the goblin. The goblin hits you but does no damage.
You slash the goblin!
You kill the goblin!
The frilled lizard bites you.
You barely miss the frilled lizard. The frilled lizard misses you.
You closely miss the frilled lizard. The frilled lizard barely misses you.
You miss the frilled lizard. The frilled lizard barely misses you.
The frilled lizard bites you but does no damage.
You completely miss the frilled lizard. The frilled lizard barely misses you.
You barely miss the frilled lizard. The frilled lizard barely misses you.
The frilled lizard bites you.
You closely miss the frilled lizard. The frilled lizard bites you.
You hit the frilled lizard.
The frilled lizard is heavily wounded.
The frilled lizard bites you but does no damage.
You hit the frilled lizard but do no damage.
The frilled lizard barely misses you. The frilled lizard misses you.
You barely miss the frilled lizard. The frilled lizard bites you.
* * * LOW HITPOINT WARNING * * *
You slash the frilled lizard!
You kill the frilled lizard!
You have reached level 2!
Your demonic ancestry asserts itself...
You begin to emit a foul stench of rot and decay.
Are you sure you want to abandon this character and quit the game? (Confirm with "yes".)

..............
.........####
..........# ..........##
...........#
...........##
≈≈.≈≈≈......#
♣....≈≈.....#######.####
.8).♣.≈≈.......)@.......
.......≈≈..###†####.####
........≈..# #.#
.....8..≈..# #..
8.<....≈≈... ..!.
.♣....≈≈...# ###.#
.....≈≈.... .#
≈≈≈≈≈≈..... ..
.......#..


There were no monsters in sight!

Vanquished Creatures
  A goblin (D:1)
  4 jackals (D:1)
  A ball python (D:1)
  A frilled lizard (D:1)
7 creatures vanquished.

Notes
Turn   | Place    | Note
-------+----------+-------------------------------------------
     0 | D:1      | growler the Demonspawn Gladiator began the quest for the
                  | Orb.
     0 | D:1      | Reached XP level 1. HP: 16/16 MP: 1/1
    58 | D:1      | Gained mutation: You may rarely emit foul miasma when
                  | damaged in melee. [demonic ancestry]
    58 | D:1      | Reached XP level 2. HP: 8/23 MP: 2/2
    58 | D:1      | Quit the game

Illustrated notes

Levels and vault maps discovered:
D:1:      moated_graveyard_arrival, layout_rooms, serial_shops, shop,
          palyth_stone_intersect, minmay_misc_feat_encased

Action                     || total
---------------------------++-------
  Melee: War axe           ||    30
 Armour: Leather armour    ||    13
  Dodge: Dodged            ||    31
